% Time on Ice - RENO LIONS
Lines # - Real PCT - Wanted PCT - Time Play
Normal Forward
1 - 33% - 35% - 15:16
2 - 32% - 30% - 14:39
3 - 25% - 25% - 11:26
4 - 10% - 10% - 4:49
Normal Defense
1 - 39% - 35% - 17:51
2 - 32% - 35% - 14:36
3 - 30% - 25% - 13:43
4 - 0% - 5% - 0:00
PP Forward
1 - 59% - 55% - 2:02
2 - 41% - 45% - 1:24
PP Defense
1 - 61% - 55% - 2:05
2 - 39% - 45% - 1:21
PK Forward
1 - 58% - 55% - 5:48
2 - 42% - 45% - 4:07
PK Defense
1 - 64% - 55% - 6:23
2 - 36% - 45% - 3:32
PK3 Forward
1 - 0% - 55%
2 - 0% - 45%
PK3 Defense
1 - 0% - 55%
2 - 0% - 45%
44 Forward
1 - 0% - 55%
2 - 0% - 45%
44 Defense
1 - 0% - 55%
2 - 0% - 45%
Last Minute Offensive  - 0:29
Last Minute Defensive  - 0:00
Total
Forward - 60:00
Defense - 60:00
% Time on Ice - WINNIPEG BEAVERS
Lines # - Real PCT - Wanted PCT - Time Play
Normal Forward
1 - 32% - 33% - 14:41
2 - 31% - 31% - 14:12
3 - 23% - 26% - 10:33
4 - 14% - 10% - 6:19
Normal Defense
1 - 34% - 32% - 15:45
2 - 33% - 31% - 15:10
3 - 30% - 28% - 13:49
4 - 2% - 9% - 1:01
PP Forward
1 - 52% - 52% - 5:08
2 - 48% - 48% - 4:47
PP Defense
1 - 57% - 52% - 5:37
2 - 43% - 48% - 4:18
PK Forward
1 - 48% - 52% - 1:38
2 - 52% - 48% - 1:48
PK Defense
1 - 64% - 50% - 2:11
2 - 36% - 50% - 1:15
PK3 Forward
1 - 0% - 55%
2 - 0% - 45%
PK3 Defense
1 - 0% - 55%
2 - 0% - 45%
44 Forward
1 - 0% - 51%
2 - 0% - 49%
44 Defense
1 - 0% - 51%
2 - 0% - 49%
Last Minute Offensive  - 0:00
Last Minute Defensive  - 0:54
Total
Forward - 60:00
Defense - 60:00
Play-by-Play 1st period 0:01 of 1st period - Elias Pettersson wins face-off versus David Krejci in neutral zone. 0:04 of 1st period - Shot by Timo Meier. 0:04 of 1st period - Shot Misses the Net. 0:06 of 1st period - Shot by Alex Killorn. 0:06 of 1st period - Stopped by Sergei Bobrovsky without a rebound. 0:07 of 1st period - Travis Zajac wins face-off versus Max Domi in WINNIPEG BEAVERS zone. 0:14 of 1st period - Shot by Travis Zajac. 0:14 of 1st period - Shot Misses the Net. 0:16 of 1st period - Shot by Justin Braun. 0:16 of 1st period - Stopped by Jaroslav Halak without a rebound. 0:17 of 1st period - Mika Zibanejad wins face-off versus Blake Coleman in RENO LIONS zone. 0:53 of 1st period - Shot by Mika Zibanejad. 0:53 of 1st period - Stopped by Jaroslav Halak without a rebound. 0:54 of 1st period - David Krejci wins face-off versus Elias Pettersson in RENO LIONS zone. 1:03 of 1st period - Shot by Gustav Nyquist. 1:03 of 1st period - Stopped by Jaroslav Halak without a rebound. 1:04 of 1st period - Travis Zajac wins face-off versus Max Domi in RENO LIONS zone. 1:09 of 1st period - Shot by Ilya Kovalchuk. 1:09 of 1st period - Shot Misses the Net. 1:40 of 1st period - Shot by Reyley Smith. 1:40 of 1st period - Shot Blocked by Olli Maatta. 1:42 of 1st period - Shot by Justin Braun. 1:42 of 1st period - Shot Misses the Net. 2:02 of 1st period - Olli Maatta is hit by Brad Marchand. 2:24 of 1st period - Alex Killorn is hit by Kris Russell and loses puck. 2:43 of 1st period - Alex Killorn is hit by David Krejci and loses puck. 2:49 of 1st period - Ryan Pulock is hit by Kris Russell and loses puck. 3:37 of 1st period - Shot by Pontus Aberg. 3:37 of 1st period - Goal by Pontus Aberg - RENO LIONS : 0 - WINNIPEG BEAVERS : 1. 3:38 of 1st period - Blake Coleman wins face-off versus Mika Zibanejad in neutral zone. 3:38 of 1st period - Blake Coleman is hit by Brandon Tanev. 3:44 of 1st period - Shot by Vincent Hinostroza. 3:44 of 1st period - Shot Blocked by Justin Braun. 3:57 of 1st period - Shot by Anders Lee. 3:57 of 1st period - Shot Misses the Net. 4:30 of 1st period - Shot by Nikolay Goldobin. 4:30 of 1st period - Shot Misses the Net. 4:32 of 1st period - Shot by Tomas Nosek. 4:32 of 1st period - Shot Misses the Net. 4:34 of 1st period - Shot by Olli Maatta. 4:34 of 1st period - Stopped by Sergei Bobrovsky with a rebound. 4:53 of 1st period - Off-side. 4:54 of 1st period - Elias Pettersson wins face-off versus Travis Zajac in neutral zone. 4:59 of 1st period - Icing by Ilya Kovalchuk. 5:00 of 1st period - Elias Pettersson wins face-off versus Ilya Kovalchuk in WINNIPEG BEAVERS zone. 5:31 of 1st period - Shot by Ilya Kovalchuk. 5:31 of 1st period - Stopped by Jaroslav Halak without a rebound. 5:32 of 1st period - David Krejci wins face-off versus Max Domi in RENO LIONS zone. 5:40 of 1st period - Minor Penalty to Jordie Benn for Interference. 5:41 of 1st period - David Krejci wins face-off versus Tomas Nosek in RENO LIONS zone. 6:00 of 1st period - Shot by Brad Marchand. 6:00 of 1st period - Shot Misses the Net. 6:10 of 1st period - Shot by Brad Marchand. 6:10 of 1st period - Shot Misses the Net. 7:22 of 1st period - Shot by Pierre-Luc Dubois. 7:22 of 1st period - Deflect By Blake Coleman. 7:22 of 1st period - Shot Misses the Net. 7:51 of 1st period - Minor Penalty to Troy Brouwer for Goalie Interference. 7:52 of 1st period - David Backes wins face-off versus Max Domi in WINNIPEG BEAVERS zone. 8:00 of 1st period - Icing by Elias Pettersson. 8:01 of 1st period - David Backes wins face-off versus Max Domi in RENO LIONS zone. 8:07 of 1st period - Matt Cullen is hit by Ryan Pulock and loses puck. 8:40 of 1st period - Matt Cullen is hit by Max Domi and loses puck. 9:26 of 1st period - Shot by Pierre-Luc Dubois. 9:26 of 1st period - Stopped by Sergei Bobrovsky without a rebound. 9:27 of 1st period - Max Domi wins face-off versus Travis Zajac in WINNIPEG BEAVERS zone. 10:28 of 1st period - Zach Bogosian is hit by Tomas Nosek and loses puck. 11:05 of 1st period - Shot by Matt Cullen. 11:05 of 1st period - Stopped by Jaroslav Halak with a rebound. 11:20 of 1st period - Off-side. 11:21 of 1st period - Travis Zajac wins face-off versus Elias Pettersson in neutral zone. 11:51 of 1st period - Icing by Ethan Bear. 11:52 of 1st period - Elias Pettersson wins face-off versus David Krejci in RENO LIONS zone. 12:08 of 1st period - Timo Meier is hit by Caleb Jones. 12:46 of 1st period - Reyley Smith is hit by Max Domi. 13:04 of 1st period - Shot by Evgeny Dadonov. 13:04 of 1st period - Goal by Evgeny Dadonov - RENO LIONS : 1 - WINNIPEG BEAVERS : 1. 13:05 of 1st period - Mika Zibanejad wins face-off versus Blake Coleman in neutral zone. 13:44 of 1st period - Icing by Ryan Pulock. 13:45 of 1st period - Travis Zajac wins face-off versus Blake Coleman in RENO LIONS zone. 13:50 of 1st period - Shot by Ilya Kovalchuk. 13:50 of 1st period - Shot Misses the Net. 13:52 of 1st period - Shot by Reyley Smith. 13:52 of 1st period - Goal by Reyley Smith - RENO LIONS : 1 - WINNIPEG BEAVERS : 2. 13:53 of 1st period - Travis Zajac wins face-off versus Max Domi in neutral zone. 13:53 of 1st period - Travis Zajac is hit by Pierre-Luc Dubois. 14:01 of 1st period - Shot by Reyley Smith. 14:01 of 1st period - Shot Misses the Net. 14:09 of 1st period - Shot by Ilya Kovalchuk. 14:09 of 1st period - Stopped by Jaroslav Halak without a rebound. 14:10 of 1st period - Elias Pettersson wins face-off versus David Krejci in RENO LIONS zone. 14:27 of 1st period - Shot by Elias Pettersson. 14:27 of 1st period - Shot Misses the Net. 14:33 of 1st period - Shot by Brad Marchand. 14:33 of 1st period - Stopped by Jaroslav Halak without a rebound. 14:34 of 1st period - Travis Zajac wins face-off versus Max Domi in RENO LIONS zone. 14:37 of 1st period - Shot by Ilya Kovalchuk. 14:37 of 1st period - Stopped by Jaroslav Halak without a rebound. 14:38 of 1st period - Travis Zajac wins face-off versus Max Domi in RENO LIONS zone. 15:00 of 1st period - Shot by Travis Zajac. 15:00 of 1st period - Stopped by Jaroslav Halak without a rebound. 15:01 of 1st period - Mika Zibanejad wins face-off versus Elias Pettersson in RENO LIONS zone. 15:01 of 1st period - Brandon Tanev is hit by Jordie Benn and loses puck. 15:44 of 1st period - Shot by Elias Pettersson. 15:44 of 1st period - Deflect By Alex Killorn. 15:44 of 1st period - Stopped by Sergei Bobrovsky without a rebound. 15:45 of 1st period - Max Domi wins face-off versus David Krejci in WINNIPEG BEAVERS zone. 15:48 of 1st period - Shot by Evgeny Dadonov. 15:48 of 1st period - Shot Misses the Net. 15:54 of 1st period - Shot by Pierre-Luc Dubois. 15:54 of 1st period - Deflect By Evgeny Dadonov. 15:54 of 1st period - Stopped by Sergei Bobrovsky without a rebound. 15:55 of 1st period - Travis Zajac wins face-off versus Max Domi in WINNIPEG BEAVERS zone. 16:08 of 1st period - Shot by Travis Zajac. 16:08 of 1st period - Shot Blocked by Ryan Pulock. 16:10 of 1st period - Shot by Mike Green. 16:10 of 1st period - Shot Blocked by Oliver Ekman-Larsson. 16:12 of 1st period - Shot by Reyley Smith. 16:12 of 1st period - Shot Misses the Net. 16:14 of 1st period - Shot by Mike Green. 16:14 of 1st period - Shot Blocked by Pierre-Luc Dubois. 16:16 of 1st period - Shot by Kris Russell. 16:16 of 1st period - Shot Misses the Net. 16:18 of 1st period - Shot by Reyley Smith. 16:18 of 1st period - Stopped by Jaroslav Halak with a rebound. 16:20 of 1st period - Shot by Kris Russell. 16:20 of 1st period - Stopped by Jaroslav Halak without a rebound. 16:21 of 1st period - David Krejci wins face-off versus Anders Lee in RENO LIONS zone. 17:33 of 1st period - Travis Zajac is hit by Timo Meier. 17:34 of 1st period - Minor Penalty to Timo Meier for Boarding. 17:35 of 1st period - Travis Zajac wins face-off versus Tomas Nosek in RENO LIONS zone. 17:36 of 1st period - Shot by Mika Zibanejad. 17:36 of 1st period - Stopped by Jaroslav Halak without a rebound. 17:37 of 1st period - Travis Zajac wins face-off versus Tomas Nosek in RENO LIONS zone. 17:48 of 1st period - Shot by Gustav Nyquist. 17:48 of 1st period - Shot Blocked by Olli Maatta. 17:50 of 1st period - Shot by Kris Russell. 17:50 of 1st period - Shot Misses the Net. 17:52 of 1st period - Shot by Kris Russell. 17:52 of 1st period - Stopped by Jaroslav Halak without a rebound. 17:53 of 1st period - David Krejci wins face-off versus Tomas Nosek in RENO LIONS zone. 17:58 of 1st period - Shot by Mika Zibanejad. 17:58 of 1st period - Stopped by Jaroslav Halak without a rebound. 17:59 of 1st period - David Krejci wins face-off versus Tomas Nosek in RENO LIONS zone. 18:04 of 1st period - Shot by Brad Marchand. 18:04 of 1st period - Stopped by Jaroslav Halak without a rebound. 18:05 of 1st period - Tomas Nosek wins face-off versus David Krejci in RENO LIONS zone. 19:21 of 1st period - Pierre-Luc Dubois is hit by Kris Russell and loses puck. 19:41 of 1st period - Shot by Alex Killorn. 19:41 of 1st period - Stopped by Sergei Bobrovsky without a rebound. 19:42 of 1st period - Matt Cullen wins face-off versus Elias Pettersson in WINNIPEG BEAVERS zone. 19:47 of 1st period - Shot by Troy Brouwer. 19:47 of 1st period - Shot Blocked by Oliver Ekman-Larsson. Goals for this period are 1 for RENO LIONS vs 2 for WINNIPEG BEAVERS. Shots for this period are 7 for RENO LIONS vs 17 for WINNIPEG BEAVERS. 2nd period 0:01 of 2nd period - Max Domi wins face-off versus Travis Zajac in neutral zone. 0:27 of 2nd period - Reyley Smith is hit by Jordie Benn and loses puck. 0:34 of 2nd period - Shot by Ilya Kovalchuk. 0:34 of 2nd period - Stopped by Jaroslav Halak with a rebound. 0:36 of 2nd period - Shot by Reyley Smith. 0:36 of 2nd period - Shot Misses the Net. 0:38 of 2nd period - Shot by Travis Zajac. 0:38 of 2nd period - Stopped by Jaroslav Halak without a rebound. 0:39 of 2nd period - David Krejci wins face-off versus Elias Pettersson in RENO LIONS zone. 0:39 of 2nd period - Brad Marchand is hit by Oliver Ekman-Larsson and loses puck. 1:05 of 2nd period - Shot by David Krejci. 1:05 of 2nd period - Stopped by Jaro